Jets vs Rangers

Created - December 27, 2017 at 22:18

Goals
1 2 3 OT1 SO T
Jets 0 2 1 0 2 4
Rangers 0 2 1 0 0 3
Shots
1 2 3 OT1 SO T
Jets 9 11 7 1 3 28
Rangers 11 9 8 0 2 28

1st period

No Goal

Penalties :
No Penalty

2nd period

1. Jets , Mikko Koivu 10 (Tyler Myers 10, Lee Stempniak 8) at 16:30
2. Rangers , Patrice Bergeron 15 (Milan Lucic 36) at 18:09
3. Rangers , Milan Lucic 24 (Jakob Silfverberg 18, Patrice Bergeron 20) at 18:13
4. Jets , Benoit Pouliot 25 (Derek Roy 23, Dustin Brown 19) at 18:48

Penalties :
James Neal (NYR) for Roughing (Double Minor) at 1:46, Derek Stepan (Win) for Hooking (Minor) at 11:58

3rd period

5. Jets , Mikko Koivu 11 (Lee Stempniak 9, Marcus Johansson 12) at 7:53
6. Rangers , Sean Couturier 3 (Matt Read 8, Milan Lucic 37) at 13:30

Penalties :
Milan Lucic (NYR) for Holding (Minor) at 7:56, Michael Rupp (Win) for Goalie Interference (Minor) at 13:51

Overtime #1

No Goal

Penalties :
No Penalty

Shootout

Penalty Shot by Derek Roy for Jets - Shot Misses the Net
Penalty Shot by Milan Lucic for Rangers - Shot Misses the Net
Penalty Shot by Benoit Pouliot for Jets - Goal!
Penalty Shot by Patrice Bergeron for Rangers - Stopped by Kari Lehtonen
Penalty Shot by Dustin Brown for Jets - Goal!

Penalties :
No Penalty

Goalie Stats

Kari Lehtonen (Win), 25 saves from 28 shots - (0.893), W, 8-4-2, 65:00 minutes
Braden Holtby (NYR), 25 saves from 28 shots - (0.893), OTL, 5-3-1, 65:00 minutes

Players Stats for Jets

Player Name              G  A  P  +/- PIM S  H  SB GA TA FO     MP     PP MP  PK MP  
------------------------------------------------------------------------------------
Anton Volchenkov         0  0  0   0  0   0  0  1  0  0  0/0    16:51   0:12   1:46 
Benoit Pouliot           1  0  1  -1  0   4  2  0  1  1  0/1    21:41   2:33   0:47 
Derek Roy                0  1  1  -1  0   3  0  0  0  0  10/24  21:45   2:33   1:13 
Derek Stepan             0  0  0   0  2   2  2  0  0  0  8/13   16:33   2:16   0:00 
Devin Setoguchi          0  0  0   0  0   4  0  0  0  0  0/0    15:08   2:34   0:00 
Dustin Brown             0  1  1  -1  0   1  0  1  0  0  1/3    23:13   2:25   2:27 
Eric Gelinas             0  0  0   1  0   0  1  3  0  0  0/0    18:54   2:30   0:00 
Erik Haula               0  0  0  -1  0   0  2  0  0  0  2/3    15:34   1:00   2:20 
Joe Colborne             0  0  0  -1  0   3  2  1  0  0  0/4    10:09   0:00   0:44 
Kevin Hayes              0  0  0  -1  0   0  0  0  1  0  0/0     9:16   0:00   0:00 
Kevin Klein              0  0  0   0  0   0  1  1  0  0  0/0    16:46   2:30   0:00 
Lee Stempniak            0  2  2   2  0   2  2  0  1  0  0/0    12:53   0:59   0:00 
Marco Scandella          0  0  0  -1  0   1  2  2  0  1  0/0    28:39   3:16   2:12 
Marcus Johansson         0  1  1   2  0   2  0  0  0  0  0/0    12:06   0:09   0:00 
Michael Rupp             0  0  0   0  2   2  2  1  0  0  0/1    12:59   0:00   0:25 
Mikko Koivu              2  0  2   2  0   2  1  0  0  0  4/10   13:56   1:09   0:00 
Shea Weber               0  0  0   1  0   1  0  1  2  0  0/0    22:36   2:28   1:46 
Tyler Myers              0  1  1  -1  0   1  0  0  0  1  0/0    27:01   3:16   2:12 

Players Stats for Rangers

Player Name              G  A  P  +/- PIM S  H  SB GA TA FO     MP     PP MP  PK MP  
------------------------------------------------------------------------------------
Alexei Emelin            0  0  0   1  0   1  1  1  0  0  0/0    14:24   0:00   0:27 
Artem Anisimov           0  0  0  -2  0   1  0  0  0  0  1/3    15:06   0:00   1:56 
Cam Barker               0  0  0  -2  0   0  0  2  0  0  0/0    28:23   2:01   3:03 
Colten Teubert           0  0  0   0  0   0  0  0  0  0  0/0     3:52   0:00   0:27 
Darren Reid              0  0  0  -2  0   3  3  0  0  1  0/1    15:21   0:00   0:00 
Jakob Silfverberg        0  1  1   2  0   6  0  0  1  0  1/1    20:18   1:30   1:13 
James Neal               0  0  0  -1  4   3  1  0  0  0  0/1    17:50   2:28   0:00 
Mark Fistric             0  0  0  -2  0   0  1  1  0  2  0/0    26:14   2:01   3:03 
Matt Greene              0  0  0   1  0   0  0  0  1  0  0/0    21:49   1:57   2:28 
Matt Read                0  1  1   1  0   0  0  1  0  0  0/0     9:29   0:00   0:00 
Milan Lucic              1  2  3   3  2   2  3  0  0  0  2/5    24:54   1:30   1:34 
Nathan Gerbe             0  0  0  -1  0   2  1  0  0  0  0/0    19:27   2:28   2:14 
Nick Foligno             0  0  0  -2  0   1  0  0  0  2  0/0    13:00   0:00   0:25 
Patrice Bergeron         1  1  2   2  0   3  1  1  0  0  21/30  22:24   1:30   2:29 
Ryan Suter               0  0  0   1  0   3  0  2  0  0  0/0    21:49   1:57   2:28 
Sean Couturier           1  0  1   1  0   1  2  0  0  0  1/2     9:30   0:00   1:48 
Staffan Kronwall         0  0  0   1  0   1  2  1  0  0  0/0    13:50   0:00   0:00 
Valtteri Filppula        0  0  0  -1  0   1  3  0  1  0  8/16   16:20   2:28   0:17 

3 Stars

1 - Milan Lucic (NYR)
2 - Mikko Koivu (Win)
3 - Patrice Bergeron (NYR)

Power Play

Jets - 0 on 3 Attempt(s) - 0.00%
Rangers - 0 on 2 Attempt(s) - 0.00%

Penalty Kill

Jets - 2 on 2 Attempt(s) - 100.00% - Score 0 goal in Penalty Kill
Rangers - 3 on 3 Attempt(s) - 100.00% - Score 0 goal in Penalty Kill

Team Stat

Jets - Hits : 17 - Faceoff Wins : 25 - Blocked Shots : 11 - Penalty Minutes : 4
Rangers - Hits : 18 - Faceoff Wins : 34 - Blocked Shots : 9 - Penalty Minutes : 6

Official

Referees : Sutherland Kelly and VanMassenhoven Don
Linesman : Steve Barton and Steve Miller

Game Notes

13:30 of 3rd period - Rangers goal is going for a video replay. After video review, Goal.

Finance

Level 1 -- Attendance: 4331 (72.18%) -- Ticket Income $411,445
Level 2 -- Attendance: 3553 (71.06%) -- Ticket Income $213,180
Level 3 -- Attendance: 2000 (100.00%) -- Ticket Income $70,000
Level 4 -- Attendance: 4000 (100.00%) -- Ticket Income $100,000
Luxury Box -- Attendance: 666 (66.60%) -- Ticket Income $119,880
Game was played at the Madison Square Garden.
Total Attendance: 14550 (80.83%)
Total Ticket Income: $914,505
Other Income: $137,176
Total Income: $1,051,681

Jets

5 vs 5 Forward 
   Center                   Left Wing                Right Wing               Time % Phy DF OF 
 1 Derek Roy                Benoit Pouliot           Dustin Brown             36     1   2  2  
 2 Derek Stepan             Michael Rupp             Devin Setoguchi          29     1   2  2  
 3 Mikko Koivu              Marcus Johansson         Lee Stempniak            25     1   2  2  
 4 Joe Colborne             Erik Haula               Kevin Hayes              10     1   2  2  

5 vs 5 Defense 
   Defense                  Defense                                           Time % Phy DF OF 
 1 Tyler Myers              Marco Scandella                                   40     1   2  2  
 2 Shea Weber               Eric Gelinas                                      30     1   2  2  
 3 Anton Volchenkov         Kevin Klein                                       25     1   2  2  
 4 Shea Weber               Marco Scandella                                   5      1   2  2  

PowerPlay Forward 
   Center                   Left Wing                Right Wing               Time % Phy DF OF 
 1 Derek Roy                Benoit Pouliot           Devin Setoguchi          60     1   0  4  
 2 Derek Stepan             Shea Weber               Dustin Brown             40     1   0  4  

PowerPlay Defense
   Defense                  Defense                                           Time % Phy DF OF 
 1 Marco Scandella          Tyler Myers                                       60     1   1  3  
 2 Eric Gelinas             Kevin Klein                                       40     0   1  4  

Penalty Kill 4 Players Forward 
   Center                   Wing                     Time % Phy DF OF 
 1 Erik Haula               Dustin Brown             60     1   2  2  
 2 Joe Colborne             Michael Rupp             40     1   2  2  

Penalty Kill 4 Players Defense
   Defense                  Defense                  Time % Phy DF OF 
 1 Tyler Myers              Marco Scandella          60     1   2  2  
 2 Shea Weber               Anton Volchenkov         40     1   2  2  

Penalty Kill - 3 Players Forward 
   Forward                                           Time % Phy DF OF 
 1 Erik Haula                                        60     1   2  2  
 2 Joe Colborne                                      40     1   2  2  

Penalty Kill - 3 Players Defense
   Defense                  Defense                  Time % Phy DF OF 
 1 Shea Weber               Tyler Myers              60     1   2  2  
 2 Marco Scandella          Anton Volchenkov         40     1   2  2  

4 vs 4 Forward 
   Center                   Wing                     Time % Phy DF OF 
 1 Derek Stepan             Dustin Brown             60     1   2  2  
 2 Derek Roy                Benoit Pouliot           40     1   2  2  

4 vs 4 Defense
   Defense                  Defense                  Time % Phy DF OF 
 1 Marco Scandella          Tyler Myers              60     1   2  2  
 2 Shea Weber               Eric Gelinas             40     1   2  2  

Last Minutes Offensive
   Center                   Left Wing                Right Wing               Defense                  Defense                  
   Derek Roy                Benoit Pouliot           Dustin Brown             Marco Scandella          Tyler Myers              

Last Minutes Defensive
   Center                   Left Wing                Right Wing               Defense                  Defense                  
   Derek Roy                Erik Haula               Dustin Brown             Anton Volchenkov         Tyler Myers              

Goaltenders
Starting : Kari Lehtonen            
Backup : Jacob Markstrom          

Extra Forwards
Normal : Derek Roy, Benoit Pouliot, Dustin Brown - PP : Derek Roy, Benoit Pouliot - PK : Dustin Brown
Extra Defensemen
Normal : Shea Weber, Tyler Myers, Marco Scandella - PP : Shea Weber - PK : Anton Volchenkov, Tyler Myers
Penalty Shots
Derek Roy, Benoit Pouliot, Dustin Brown, Derek Stepan, Erik Haula

Scratches
Eric Fehr (Healthy), Fredrik Sjostrom (Healthy)

Rangers

5 vs 5 Forward 
   Center                   Left Wing                Right Wing               Time % Phy DF OF 
 1 Patrice Bergeron         Milan Lucic              Jakob Silfverberg        40     1   2  2  
 2 Valtteri Filppula        Nathan Gerbe             James Neal               30     1   2  2  
 3 Artem Anisimov           Nick Foligno             Darren Reid              20     1   2  2  
 4 Sean Couturier           Milan Lucic              Matt Read                10     1   2  2  

5 vs 5 Defense 
   Defense                  Defense                                           Time % Phy DF OF 
 1 Cam Barker               Mark Fistric                                      40     1   2  2  
 2 Matt Greene              Ryan Suter                                        30     1   2  2  
 3 Staffan Kronwall         Alexei Emelin                                     20     1   2  2  
 4 Colten Teubert           Cam Barker                                        10     1   2  2  

PowerPlay Forward 
   Center                   Left Wing                Right Wing               Time % Phy DF OF 
 1 Patrice Bergeron         Milan Lucic              Jakob Silfverberg        60     1   2  2  
 2 Valtteri Filppula        Nathan Gerbe             James Neal               40     1   2  2  

PowerPlay Defense
   Defense                  Defense                                           Time % Phy DF OF 
 1 Cam Barker               Mark Fistric                                      60     1   2  2  
 2 Matt Greene              Ryan Suter                                        40     1   2  2  

Penalty Kill 4 Players Forward 
   Center                   Wing                     Time % Phy DF OF 
 1 Milan Lucic              Patrice Bergeron         60     1   2  2  
 2 Jakob Silfverberg        James Neal               40     1   2  2  

Penalty Kill 4 Players Defense
   Defense                  Defense                  Time % Phy DF OF 
 1 Cam Barker               Mark Fistric             60     1   2  2  
 2 Matt Greene              Ryan Suter               40     1   2  2  

Penalty Kill - 3 Players Forward 
   Forward                                           Time % Phy DF OF 
 1 Milan Lucic                                       60     1   2  2  
 2 Patrice Bergeron                                  40     1   2  2  

Penalty Kill - 3 Players Defense
   Defense                  Defense                  Time % Phy DF OF 
 1 Cam Barker               Mark Fistric             60     1   2  2  
 2 Matt Greene              Ryan Suter               40     1   2  2  

4 vs 4 Forward 
   Center                   Wing                     Time % Phy DF OF 
 1 Milan Lucic              Patrice Bergeron         60     1   2  2  
 2 Jakob Silfverberg        James Neal               40     1   2  2  

4 vs 4 Defense
   Defense                  Defense                  Time % Phy DF OF 
 1 Cam Barker               Mark Fistric             60     1   2  2  
 2 Matt Greene              Ryan Suter               40     1   2  2  

Last Minutes Offensive
   Center                   Left Wing                Right Wing               Defense                  Defense                  
   Patrice Bergeron         Milan Lucic              Jakob Silfverberg        Cam Barker               Mark Fistric             

Last Minutes Defensive
   Center                   Left Wing                Right Wing               Defense                  Defense                  
   Patrice Bergeron         Milan Lucic              Jakob Silfverberg        Cam Barker               Mark Fistric             

Goaltenders
Starting : Braden Holtby            
Backup : Henrik Lundqvist         

Extra Forwards
Normal : Darren Reid, Matt Read, Artem Anisimov - PP : Darren Reid, Matt Read - PK : Artem Anisimov
Extra Defensemen
Normal : Staffan Kronwall, Alexei Emelin, Colten Teubert - PP : Staffan Kronwall - PK : Alexei Emelin, Colten Teubert
Penalty Shots
Milan Lucic, Patrice Bergeron, Jakob Silfverberg, James Neal, Darren Reid

Scratches
Mike Cammalleri (Sprained Right Ankle Injury), Stephen Weiss (Sports Hernia Injury)

% Time on Ice - Jets

Lines # - Real PCT - Wanted PCT - Time Play
Normal Forward
1 - 34% - 36% - 17:00
2 - 24% - 29% - 12:08
3 - 23% - 25% - 11:40
4 - 19% - 10% - 9:16
Normal Defense
1 - 39% - 40% - 19:44
2 - 31% - 30% - 15:17
3 - 26% - 25% - 13:14
4 - 4% - 5% - 1:49
PP Forward
1 - 59% - 60% - 3:30
2 - 41% - 40% - 2:28
PP Defense
1 - 58% - 60% - 3:28
2 - 42% - 40% - 2:30
PK Forward
1 - 82% - 60% - 3:14
2 - 18% - 40% - 0:44
PK Defense
1 - 55% - 60% - 2:12
2 - 45% - 40% - 1:46
PK3 Forward
1 - 0% - 60%
2 - 0% - 40%
PK3 Defense
1 - 0% - 60%
2 - 0% - 40%
44 Forward
1 - 94% - 60% - 4:42
2 - 6% - 40% - 0:18
44 Defense
1 - 53% - 60% - 2:38
2 - 47% - 40% - 2:22
Last Minute Offensive  - 0:00
Last Minute Defensive  - 0:00
Total
Forward - 65:00
Defense - 65:00

% Time on Ice - Rangers

Lines # - Real PCT - Wanted PCT - Time Play
Normal Forward
1 - 35% - 40% - 17:37
2 - 29% - 30% - 14:24
3 - 23% - 20% - 11:42
4 - 13% - 10% - 6:21
Normal Defense
1 - 38% - 40% - 18:55
2 - 30% - 30% - 15:07
3 - 26% - 20% - 12:47
4 - 6% - 10% - 3:15
PP Forward
1 - 38% - 60% - 1:30
2 - 62% - 40% - 2:28
PP Defense
1 - 51% - 60% - 2:01
2 - 49% - 40% - 1:57
PK Forward
1 - 80% - 60% - 4:45
2 - 20% - 40% - 1:13
PK Defense
1 - 59% - 60% - 3:30
2 - 41% - 40% - 2:28
PK3 Forward
1 - 0% - 60%
2 - 0% - 40%
PK3 Defense
1 - 0% - 60%
2 - 0% - 40%
44 Forward
1 - 81% - 60% - 4:02
2 - 19% - 40% - 0:58
44 Defense
1 - 54% - 60% - 2:43
2 - 46% - 40% - 2:17
Last Minute Offensive  - 0:00
Last Minute Defensive  - 0:00
Total
Forward - 65:00
Defense - 65:00

Play by Play

1st period


0:01 of 1st period - Patrice Bergeron wins face-off versus Benoit Pouliot in neutral zone.
1:19 of 1st period - Snap shot by Darren Reid.
1:19 of 1st period - Shot Blocked by Shea Weber.
1:21 of 1st period - Wrist shot by Nick Foligno.
1:21 of 1st period - Deflect By Shea Weber.
1:21 of 1st period - Stopped by Kari Lehtonen without a rebound.
1:22 of 1st period - Milan Lucic wins face-off versus Derek Roy in Jets zone.
1:38 of 1st period - Off-side.
1:39 of 1st period - Derek Stepan wins face-off versus Valtteri Filppula in neutral zone.
2:26 of 1st period - Wrist shot by Darren Reid.
2:26 of 1st period - Stopped by Kari Lehtonen without a rebound.
2:27 of 1st period - Artem Anisimov wins face-off versus Derek Roy in Jets zone.
2:30 of 1st period - Snap shot by Artem Anisimov.
2:30 of 1st period - Stopped by Kari Lehtonen with a rebound.
2:34 of 1st period - Wrist shot by Darren Reid.
2:34 of 1st period - Stopped by Kari Lehtonen with a rebound.
2:36 of 1st period - Slapshot by Staffan Kronwall.
2:36 of 1st period - Deflect By Artem Anisimov.
2:36 of 1st period - Shot Blocked by Marco Scandella.
2:36 of 1st period - Puck is out of play.
2:37 of 1st period - Jakob Silfverberg wins face-off versus Michael Rupp in Jets zone.
2:46 of 1st period - Snap shot by Milan Lucic.
2:46 of 1st period - Shot Hit the Post.
2:52 of 1st period - Slapshot by Devin Setoguchi.
2:52 of 1st period - Stopped by Braden Holtby with a rebound.
3:04 of 1st period - Wrist shot by Valtteri Filppula.
3:04 of 1st period - Deflect By Nathan Gerbe.
3:04 of 1st period - Shot Misses the Net.
3:04 of 1st period - Puck is out of play.
3:05 of 1st period - Derek Roy wins face-off versus Valtteri Filppula in Jets zone.
3:12 of 1st period - Snap shot by Nathan Gerbe.
3:12 of 1st period - Deflect By James Neal.
3:12 of 1st period - Stopped by Kari Lehtonen with a rebound.
3:14 of 1st period - Wrist shot by Nathan Gerbe.
3:14 of 1st period - Deflect By James Neal.
3:14 of 1st period - Stopped by Kari Lehtonen without a rebound.
3:15 of 1st period - Mikko Koivu wins face-off versus Patrice Bergeron in Jets zone.
3:20 of 1st period - Wrist shot by Marcus Johansson.
3:20 of 1st period - Stopped by Braden Holtby without a rebound.
3:21 of 1st period - Mikko Koivu wins face-off versus Patrice Bergeron in Rangers zone.
3:37 of 1st period - Off-side.
3:38 of 1st period - Derek Stepan wins face-off versus Valtteri Filppula in neutral zone.
3:41 of 1st period - Slapshot by Derek Stepan.
3:41 of 1st period - Stopped by Braden Holtby with a rebound.
3:47 of 1st period - Derek Stepan is hit by Valtteri Filppula and loses puck.
3:52 of 1st period - Snap shot by James Neal.
3:52 of 1st period - Shot Blocked by Marco Scandella.
3:54 of 1st period - Snap shot by Nathan Gerbe.
3:54 of 1st period - Stopped by Kari Lehtonen with a rebound.
4:30 of 1st period - Kevin Hayes is hit by Mark Fistric and loses puck.
4:45 of 1st period - Kevin Hayes is hit by Darren Reid and loses puck.
5:09 of 1st period - Mark Fistric is hit by Joe Colborne and loses puck.
7:02 of 1st period - Wrist shot by Joe Colborne.
7:02 of 1st period - Stopped by Braden Holtby without a rebound.
7:03 of 1st period - Patrice Bergeron wins face-off versus Derek Roy in Rangers zone.
7:15 of 1st period - Snap shot by Jakob Silfverberg.
7:15 of 1st period - Shot Misses the Net.
7:17 of 1st period - Backhand shot by Patrice Bergeron.
7:17 of 1st period - Shot Misses the Net.
7:19 of 1st period - Backhand shot by Staffan Kronwall.
7:19 of 1st period - Stopped by Kari Lehtonen with a rebound.
7:29 of 1st period - Tyler Myers is hit by James Neal and loses puck.
7:34 of 1st period - Snap shot by James Neal.
7:34 of 1st period - Shot Misses the Net.
8:10 of 1st period - Wrist shot by Lee Stempniak.
8:10 of 1st period - Stopped by Braden Holtby without a rebound.
8:11 of 1st period - Valtteri Filppula wins face-off versus Mikko Koivu in Rangers zone.
8:40 of 1st period - Snap shot by Devin Setoguchi.
8:40 of 1st period - Stopped by Braden Holtby with a rebound.
9:25 of 1st period - Nathan Gerbe is hit by Benoit Pouliot and loses puck.
9:48 of 1st period - Matt Read is hit by Kevin Klein and loses puck.
10:45 of 1st period - Jakob Silfverberg is hit by Michael Rupp and loses puck.
11:35 of 1st period - Milan Lucic is hit by Benoit Pouliot and loses puck.
12:00 of 1st period - Kevin Klein is hit by Staffan Kronwall and loses puck.
13:18 of 1st period - Sean Couturier is hit by Mikko Koivu and loses puck.
16:49 of 1st period - Icing by Patrice Bergeron.
16:50 of 1st period - Mikko Koivu wins face-off versus Valtteri Filppula in Rangers zone.
16:51 of 1st period - Slapshot by Marcus Johansson.
16:51 of 1st period - Stopped by Braden Holtby with a rebound.
17:26 of 1st period - Wrist shot by Derek Stepan.
17:26 of 1st period - Stopped by Braden Holtby without a rebound.
17:27 of 1st period - Valtteri Filppula wins face-off versus Derek Stepan in Rangers zone.
18:00 of 1st period - Off-side.
18:01 of 1st period - Derek Roy wins face-off versus Valtteri Filppula in neutral zone.
18:39 of 1st period - Snap shot by Jakob Silfverberg.
18:39 of 1st period - Shot Misses the Net.
18:53 of 1st period - Snap shot by Darren Reid.
18:53 of 1st period - Stopped by Kari Lehtonen with a rebound.
19:13 of 1st period - Wrist shot by James Neal.
19:13 of 1st period - Stopped by Kari Lehtonen without a rebound.
19:14 of 1st period - Valtteri Filppula wins face-off versus Joe Colborne in Jets zone.
19:41 of 1st period - Wrist shot by Benoit Pouliot.
19:41 of 1st period - Stopped by Braden Holtby with a rebound.
19:47 of 1st period - Slapshot by Jakob Silfverberg.
19:47 of 1st period - Shot Blocked by Eric Gelinas.
19:49 of 1st period - Slapshot by Ryan Suter.
19:49 of 1st period - Deflect By Dustin Brown.
19:49 of 1st period - Stopped by Kari Lehtonen without a rebound.
19:50 of 1st period - Valtteri Filppula wins face-off versus Derek Stepan in Jets zone.
Goals for this period are 0 for Jets vs 0 for Rangers.
Shots for this period are 9 for Jets vs 11 for Rangers.

2nd period


0:01 of 2nd period - Patrice Bergeron wins face-off versus Derek Roy in neutral zone.
0:03 of 2nd period - Off-side.
0:04 of 2nd period - Patrice Bergeron wins face-off versus Derek Roy in neutral zone.
0:53 of 2nd period - Artem Anisimov is hit by Joe Colborne and loses puck.
1:00 of 2nd period - Slapshot by Joe Colborne.
1:00 of 2nd period - Stopped by Braden Holtby without a rebound.
1:01 of 2nd period - Patrice Bergeron wins face-off versus Derek Roy in Rangers zone.
1:10 of 2nd period - Snap shot by Dustin Brown.
1:10 of 2nd period - Shot Blocked by Alexei Emelin.
1:46 of 2nd period - Double Minor Penalty to James Neal for Roughing.
1:47 of 2nd period - Derek Roy wins face-off versus Milan Lucic in Rangers zone.
2:13 of 2nd period - Patrice Bergeron is hit by Derek Stepan and loses puck.
3:06 of 2nd period - Wrist shot by Nathan Gerbe.
3:06 of 2nd period - Shot Misses the Net.
3:53 of 2nd period - Mikko Koivu is hit by Sean Couturier and loses puck.
4:59 of 2nd period - Slapshot by Mikko Koivu.
4:59 of 2nd period - Shot Misses the Net.
5:01 of 2nd period - Slapshot by Tyler Myers.
5:01 of 2nd period - Stopped by Braden Holtby with a rebound.
5:46 of 2nd period - Penalty to James Neal is over, James Neal is back on ice.
6:13 of 2nd period - Shea Weber is hit by Staffan Kronwall and loses puck.
6:26 of 2nd period - James Neal is hit by Lee Stempniak.
7:01 of 2nd period - Slapshot by Matt Read.
7:01 of 2nd period - Shot Misses the Net.
7:18 of 2nd period - Snap shot by Jakob Silfverberg.
7:18 of 2nd period - Deflect By Patrice Bergeron.
7:18 of 2nd period - Shot Misses the Net.
7:18 of 2nd period - Puck is out of play.
7:19 of 2nd period - Patrice Bergeron wins face-off versus Mikko Koivu in Jets zone.
7:32 of 2nd period - Snap shot by Alexei Emelin.
7:32 of 2nd period - Stopped by Kari Lehtonen with a rebound.
7:58 of 2nd period - Darren Reid is hit by Derek Stepan and loses puck.
8:05 of 2nd period - Kevin Klein is hit by Darren Reid and loses puck.
8:22 of 2nd period - Wrist shot by Patrice Bergeron.
8:22 of 2nd period - Shot Misses the Net.
8:30 of 2nd period - Snap shot by Patrice Bergeron.
8:30 of 2nd period - Stopped by Kari Lehtonen with a rebound.
8:32 of 2nd period - Wrist shot by Patrice Bergeron.
8:32 of 2nd period - Stopped by Kari Lehtonen without a rebound.
8:33 of 2nd period - Derek Roy wins face-off versus Valtteri Filppula in Jets zone.
9:52 of 2nd period - Jakob Silfverberg is hit by Marco Scandella and loses puck.
10:51 of 2nd period - Snap shot by Benoit Pouliot.
10:51 of 2nd period - Shot Misses the Net.
10:53 of 2nd period - Wrist shot by Dustin Brown.
10:53 of 2nd period - Shot Misses the Net.
10:55 of 2nd period - Snap shot by Benoit Pouliot.
10:55 of 2nd period - Shot Blocked by Staffan Kronwall.
10:57 of 2nd period - Snap shot by Dustin Brown.
10:57 of 2nd period - Shot Misses the Net.
11:29 of 2nd period - Joe Colborne is hit by Nathan Gerbe and loses puck.
11:51 of 2nd period - Marco Scandella is hit by Patrice Bergeron and loses puck.
11:58 of 2nd period - Minor Penalty to Derek Stepan for Hooking.
11:59 of 2nd period - Erik Haula wins face-off versus Patrice Bergeron in Jets zone.
12:39 of 2nd period - Snap shot by Michael Rupp.
12:39 of 2nd period - Shot Blocked by Mark Fistric.
12:51 of 2nd period - Patrice Bergeron is hit by Erik Haula and loses puck.
12:58 of 2nd period - Marco Scandella is hit by Milan Lucic and loses puck.
13:58 of 2nd period - Penalty to Derek Stepan is over, Derek Stepan is back on ice.
14:06 of 2nd period - Wrist shot by Michael Rupp.
14:06 of 2nd period - Stopped by Braden Holtby without a rebound.
14:07 of 2nd period - Derek Stepan wins face-off versus Artem Anisimov in Rangers zone.
15:01 of 2nd period - Snap shot by Joe Colborne.
15:01 of 2nd period - Stopped by Braden Holtby without a rebound.
15:02 of 2nd period - Valtteri Filppula wins face-off versus Joe Colborne in Rangers zone.
15:31 of 2nd period - Snap shot by Derek Roy.
15:31 of 2nd period - Shot Blocked by Ryan Suter.
15:33 of 2nd period - Slapshot by Eric Gelinas.
15:33 of 2nd period - Deflect By Derek Roy.
15:33 of 2nd period - Stopped by Braden Holtby with a rebound.
15:53 of 2nd period - Snap shot by Jakob Silfverberg.
15:53 of 2nd period - Deflect By Milan Lucic.
15:53 of 2nd period - Shot Blocked by Michael Rupp.
15:53 of 2nd period - Puck is out of play.
15:54 of 2nd period - Derek Roy wins face-off versus Patrice Bergeron in Jets zone.
16:30 of 2nd period - Snap shot by Mikko Koivu.
16:30 of 2nd period - Goal by Mikko Koivu - Jets : 1 - Rangers : 0.
16:31 of 2nd period - Patrice Bergeron wins face-off versus Derek Roy in neutral zone.
17:46 of 2nd period - Slapshot by Derek Roy.
17:46 of 2nd period - Stopped by Braden Holtby without a rebound.
17:47 of 2nd period - Sean Couturier wins face-off versus Derek Roy in Rangers zone.
17:52 of 2nd period - Sean Couturier is hit by Marco Scandella and loses puck.
17:59 of 2nd period - Slapshot by Ryan Suter.
17:59 of 2nd period - Stopped by Kari Lehtonen without a rebound.
18:00 of 2nd period - Patrice Bergeron wins face-off versus Derek Roy in Jets zone.
18:09 of 2nd period - Wrist shot by Patrice Bergeron.
18:09 of 2nd period - Deflect By Derek Roy.
18:09 of 2nd period - Goal by Patrice Bergeron - Jets : 1 - Rangers : 1.
18:10 of 2nd period - Patrice Bergeron wins face-off versus Derek Roy in neutral zone.
18:13 of 2nd period - Snap shot by Milan Lucic.
18:13 of 2nd period - Goal by Milan Lucic - Jets : 1 - Rangers : 2.
18:14 of 2nd period - Derek Roy wins face-off versus Patrice Bergeron in neutral zone.
18:48 of 2nd period - Snap shot by Benoit Pouliot.
18:48 of 2nd period - Goal by Benoit Pouliot - Jets : 2 - Rangers : 2.
18:49 of 2nd period - Derek Stepan wins face-off versus Patrice Bergeron in neutral zone.
18:51 of 2nd period - Off-side.
18:52 of 2nd period - Derek Stepan wins face-off versus Patrice Bergeron in neutral zone.
19:00 of 2nd period - Slapshot by Michael Rupp.
19:00 of 2nd period - Deflect By Devin Setoguchi.
19:00 of 2nd period - Stopped by Braden Holtby without a rebound.
19:01 of 2nd period - Patrice Bergeron wins face-off versus Derek Roy in Rangers zone.
19:06 of 2nd period - Backhand shot by Derek Roy.
19:06 of 2nd period - Stopped by Braden Holtby without a rebound.
19:07 of 2nd period - Derek Roy wins face-off versus Patrice Bergeron in Rangers zone.
19:14 of 2nd period - Backhand shot by Derek Roy.
19:14 of 2nd period - Shot Misses the Net.
19:16 of 2nd period - Slapshot by Marco Scandella.
19:16 of 2nd period - Stopped by Braden Holtby without a rebound.
19:17 of 2nd period - Patrice Bergeron wins face-off versus Derek Roy in Rangers zone.
19:22 of 2nd period - Wrist shot by Milan Lucic.
19:22 of 2nd period - Shot Misses the Net.
19:24 of 2nd period - Slapshot by Mark Fistric.
19:24 of 2nd period - Shot Misses the Net.
19:26 of 2nd period - Snap shot by Milan Lucic.
19:26 of 2nd period - Stopped by Kari Lehtonen with a rebound.
19:28 of 2nd period - Slapshot by Jakob Silfverberg.
19:28 of 2nd period - Stopped by Kari Lehtonen with a rebound.
19:30 of 2nd period - Snap shot by Jakob Silfverberg.
19:30 of 2nd period - Stopped by Kari Lehtonen without a rebound.
19:31 of 2nd period - Patrice Bergeron wins face-off versus Dustin Brown in Jets zone.
Goals for this period are 2 for Jets vs 2 for Rangers.
Shots for this period are 11 for Jets vs 9 for Rangers.

3rd period


0:01 of 3rd period - Derek Roy wins face-off versus Patrice Bergeron in neutral zone.
1:30 of 3rd period - Erik Haula is hit by Valtteri Filppula and loses puck.
1:45 of 3rd period - Slapshot by Shea Weber.
1:45 of 3rd period - Stopped by Braden Holtby with a rebound.
1:47 of 3rd period - Wrist shot by Devin Setoguchi.
1:47 of 3rd period - Deflect By Mark Fistric.
1:47 of 3rd period - Stopped by Braden Holtby without a rebound.
1:48 of 3rd period - Derek Stepan wins face-off versus Sean Couturier in Rangers zone.
1:57 of 3rd period - Snap shot by Michael Rupp.
1:57 of 3rd period - Stopped by Braden Holtby without a rebound.
1:58 of 3rd period - Mikko Koivu wins face-off versus Valtteri Filppula in Rangers zone.
2:01 of 3rd period - Snap shot by Lee Stempniak.
2:01 of 3rd period - Stopped by Braden Holtby without a rebound.
2:02 of 3rd period - Valtteri Filppula wins face-off versus Mikko Koivu in Rangers zone.
2:28 of 3rd period - Tyler Myers is hit by Milan Lucic and loses puck.
2:58 of 3rd period - Snap shot by Artem Anisimov.
2:58 of 3rd period - Deflect By Nick Foligno.
2:58 of 3rd period - Shot Misses the Net.
2:58 of 3rd period - Puck is out of play.
2:59 of 3rd period - Patrice Bergeron wins face-off versus Derek Stepan in Jets zone.
3:00 of 3rd period - Snap shot by Milan Lucic.
3:00 of 3rd period - Shot Blocked by Eric Gelinas.
3:02 of 3rd period - Snap shot by Jakob Silfverberg.
3:02 of 3rd period - Stopped by Kari Lehtonen with a rebound.
3:04 of 3rd period - Wrist shot by Patrice Bergeron.
3:04 of 3rd period - Shot Hit the Post.
3:47 of 3rd period - Eric Gelinas is hit by Alexei Emelin.
5:05 of 3rd period - Wrist shot by Nick Foligno.
5:05 of 3rd period - Shot Misses the Net.
6:00 of 3rd period - Kevin Hayes is hit by Darren Reid and loses puck.
6:58 of 3rd period - Snap shot by Patrice Bergeron.
6:58 of 3rd period - Deflect By Jakob Silfverberg.
6:58 of 3rd period - Stopped by Kari Lehtonen without a rebound.
6:59 of 3rd period - Patrice Bergeron wins face-off versus Mikko Koivu in Jets zone.
7:05 of 3rd period - Icing by Mikko Koivu.
7:06 of 3rd period - Patrice Bergeron wins face-off versus Mikko Koivu in Jets zone.
7:15 of 3rd period - Snap shot by Milan Lucic.
7:15 of 3rd period - Shot Misses the Net.
7:49 of 3rd period - Slapshot by Marcus Johansson.
7:49 of 3rd period - Shot Misses the Net.
7:51 of 3rd period - Wrist shot by Lee Stempniak.
7:51 of 3rd period - Shot Blocked by Cam Barker.
7:53 of 3rd period - Wrist shot by Mikko Koivu.
7:53 of 3rd period - Deflect By Cam Barker.
7:53 of 3rd period - Goal by Mikko Koivu - Jets : 3 - Rangers : 2.
7:54 of 3rd period - Patrice Bergeron wins face-off versus Derek Roy in neutral zone.
7:56 of 3rd period - Minor Penalty to Milan Lucic for Holding.
7:57 of 3rd period - Derek Roy wins face-off versus Artem Anisimov in Rangers zone.
9:56 of 3rd period - Penalty to Milan Lucic is over, Milan Lucic is back on ice.
10:07 of 3rd period - Slapshot by Milan Lucic.
10:07 of 3rd period - Shot Misses the Net.
10:13 of 3rd period - Snap shot by Darren Reid.
10:13 of 3rd period - Shot Misses the Net.
11:19 of 3rd period - Snap shot by Benoit Pouliot.
11:19 of 3rd period - Stopped by Braden Holtby without a rebound.
11:20 of 3rd period - Valtteri Filppula wins face-off versus Dustin Brown in Rangers zone.
11:48 of 3rd period - Snap shot by Darren Reid.
11:48 of 3rd period - Deflect By Artem Anisimov.
11:48 of 3rd period - Shot Blocked by Kevin Klein.
11:48 of 3rd period - Puck is out of play.
11:49 of 3rd period - Patrice Bergeron wins face-off versus Derek Stepan in Jets zone.
11:58 of 3rd period - Snap shot by Patrice Bergeron.
11:58 of 3rd period - Shot Blocked by Eric Gelinas.
12:16 of 3rd period - Valtteri Filppula is hit by Eric Gelinas and loses puck.
13:01 of 3rd period - Anton Volchenkov is hit by Sean Couturier.
13:02 of 3rd period - Icing by Anton Volchenkov.
13:03 of 3rd period - Milan Lucic wins face-off versus Joe Colborne in Jets zone.
13:16 of 3rd period - Snap shot by Milan Lucic.
13:16 of 3rd period - Shot Misses the Net.
13:18 of 3rd period - Snap shot by Cam Barker.
13:18 of 3rd period - Shot Blocked by Joe Colborne.
13:26 of 3rd period - Slapshot by Milan Lucic.
13:26 of 3rd period - Shot Blocked by Anton Volchenkov.
13:30 of 3rd period - Snap shot by Matt Read.
13:30 of 3rd period - Deflect By Sean Couturier.
13:30 of 3rd period - Rangers goal is going for a video replay.
13:30 of 3rd period - The goal is good.
13:30 of 3rd period - Goal by Sean Couturier - Jets : 3 - Rangers : 3.
13:31 of 3rd period - Patrice Bergeron wins face-off versus Derek Roy in neutral zone.
13:36 of 3rd period - Wrist shot by Milan Lucic.
13:36 of 3rd period - Shot Misses the Net.
13:38 of 3rd period - Snap shot by Milan Lucic.
13:38 of 3rd period - Shot Blocked by Dustin Brown.
13:40 of 3rd period - Slapshot by Jakob Silfverberg.
13:40 of 3rd period - Stopped by Kari Lehtonen with a rebound.
13:42 of 3rd period - Wrist shot by Jakob Silfverberg.
13:42 of 3rd period - Stopped by Kari Lehtonen without a rebound.
13:43 of 3rd period - Patrice Bergeron wins face-off versus Derek Stepan in Jets zone.
13:51 of 3rd period - Minor Penalty to Michael Rupp for Goalie Interference.
13:52 of 3rd period - Patrice Bergeron wins face-off versus Erik Haula in Jets zone.
14:04 of 3rd period - Wrist shot by Dustin Brown.
14:04 of 3rd period - Stopped by Braden Holtby with a rebound.
14:25 of 3rd period - Icing by Mark Fistric.
14:26 of 3rd period - Erik Haula wins face-off versus Valtteri Filppula in Rangers zone.
14:49 of 3rd period - Snap shot by Nathan Gerbe.
14:49 of 3rd period - Stopped by Kari Lehtonen without a rebound.
14:50 of 3rd period - Valtteri Filppula wins face-off versus Joe Colborne in Jets zone.
15:02 of 3rd period - Icing by Valtteri Filppula.
15:03 of 3rd period - Dustin Brown wins face-off versus James Neal in Rangers zone.
15:51 of 3rd period - Penalty to Michael Rupp is over, Michael Rupp is back on ice.
16:03 of 3rd period - Wrist shot by Nathan Gerbe.
16:03 of 3rd period - Shot Misses the Net.
16:15 of 3rd period - Slapshot by Valtteri Filppula.
16:15 of 3rd period - Stopped by Kari Lehtonen with a rebound.
16:17 of 3rd period - Slapshot by Ryan Suter.
16:17 of 3rd period - Deflect By Shea Weber.
16:17 of 3rd period - Stopped by Kari Lehtonen without a rebound.
16:18 of 3rd period - Patrice Bergeron wins face-off versus Mikko Koivu in Jets zone.
16:37 of 3rd period - Mark Fistric is hit by Lee Stempniak and loses puck.
17:33 of 3rd period - James Neal is hit by Michael Rupp and loses puck.
18:25 of 3rd period - Snap shot by Lee Stempniak.
18:25 of 3rd period - Shot Blocked by Ryan Suter.
18:35 of 3rd period - Lee Stempniak is hit by Valtteri Filppula and loses puck.
Goals for this period are 1 for Jets vs 1 for Rangers.
Shots for this period are 7 for Jets vs 8 for Rangers.

Overtime #1


0:01 of 1st overtime period - Derek Stepan wins face-off versus Milan Lucic in neutral zone.
0:04 of 1st overtime period - Wrist shot by Marco Scandella.
0:04 of 1st overtime period - Shot Blocked by Patrice Bergeron.
0:06 of 1st overtime period - Slapshot by Dustin Brown.
0:06 of 1st overtime period - Shot Misses the Net.
0:08 of 1st overtime period - Slapshot by Marco Scandella.
0:08 of 1st overtime period - Shot Blocked by Cam Barker.
0:40 of 1st overtime period - Snap shot by Benoit Pouliot.
0:40 of 1st overtime period - Stopped by Braden Holtby without a rebound.
0:41 of 1st overtime period - Derek Roy wins face-off versus Darren Reid in Rangers zone.
0:42 of 1st overtime period - Wrist shot by Benoit Pouliot.
0:42 of 1st overtime period - Shot Blocked by Matt Read.
1:07 of 1st overtime period - Off-side.
1:08 of 1st overtime period - Derek Stepan wins face-off versus Milan Lucic in neutral zone.
3:25 of 1st overtime period - Marco Scandella is hit by Milan Lucic and loses puck.
3:48 of 1st overtime period - Artem Anisimov is hit by Erik Haula and loses puck.
Goals for this period are 0 for Jets vs 0 for Rangers.
Shots for this period are 1 for Jets vs 0 for Rangers.

ShootOut


5:00 of 1st overtime period - Penalty Shot by Derek Roy for Jets.
5:00 of 1st overtime period - Wrist shot by Derek Roy.
5:00 of 1st overtime period - Shot Misses the Net.
5:00 of 1st overtime period - Penalty Shot by Milan Lucic for Rangers.
5:00 of 1st overtime period - Deke by Milan Lucic.
5:00 of 1st overtime period - Shot Misses the Net.
5:00 of 1st overtime period - Penalty Shot by Benoit Pouliot for Jets.
5:00 of 1st overtime period - Wrist shot by Benoit Pouliot.
5:00 of 1st overtime period - Goal by Benoit Pouliot.
5:00 of 1st overtime period - Penalty Shot by Patrice Bergeron for Rangers.
5:00 of 1st overtime period - Deke by Patrice Bergeron.
5:00 of 1st overtime period - Stopped by Kari Lehtonen.
5:00 of 1st overtime period - Penalty Shot by Dustin Brown for Jets.
5:00 of 1st overtime period - Wrist shot by Dustin Brown.
5:00 of 1st overtime period - Goal by Dustin Brown.